 Dungeon Crawl Stone Soup version 0.22-a0-166-g5351223 (webtiles) character file.

19 mortelune the Chiller (level 2, 0/19 HPs)
             Began as a Demonspawn Ice Elementalist on Feb 14, 2018.
             Slain by a goblin
             ... wielding a +0 dagger
              (3 damage)
             ... on level 1 of the Dungeon.
             The game lasted 00:02:28 (1179 turns).

mortelune the Chiller (Demonspawn Ice Elementalist) Turns: 1179, Time: 00:02:29

Health: 0/19       AC:  3    Str:  8    XL:     2   Next: 55%
Magic:  0/5        EV: 12    Int: 16    God:
Gold:   41         SH:  0    Dex: 13    Spells: 2/5 levels left

rFire    . . .     SeeInvis .   i - -3 short sword (curse)
rCold    . . .     Gourm    .   (no shield)
rNeg     . . .     Faith    .   a - +0 robe
rPois    .         Spirit   .   (no helmet)
rElec    .         Reflect  .   (no cloak)
rCorr    .         Harm     .   l - +0 pair of gloves
MR       .....                  (no boots)
Stlth    ++........             (no amulet)
HPRegen  0.06/turn              (no ring)
MPRegen  0.09/turn              (no ring)

@: no status effects
A: claws 1
a: no special abilities


You were on level 1 of the Dungeon.
You were not hungry.

You visited 1 branch of the dungeon, and saw 1 of its levels.

You collected 41 gold pieces.

Inventory:

Hand Weapons
 f - a +2 hunting sling of flaming
 i - a cursed -3 short sword (weapon)
 j - a +1 mace
Missiles
 g - 58 stones (quivered)
Armour
 a - a +0 robe (worn)
 l - a +0 pair of gloves (worn)
Potions
 d - a potion of mutation {unknown}
Books
 b - a book of Frost

   Spells                             Type                      Level
   a - Freeze                         Ice                          1
   b - Throw Frost                    Conjuration/Ice              2
   c - Ozocubu's Armour               Charms/Ice                   3
   d - Throw Icicle                   Conjuration/Ice              4
   e - Summon Ice Beast               Ice/Summoning                4
Comestibles
 c - 5 rations


   Skills:
 + Level 2.2 Dodging
 - Level 1.7 Stealth
 + Level 2.3 Spellcasting
 - Level 1.0 Conjurations
 + Level 3.0 Ice Magic


You had 2 spell levels left.
You knew the following spells:

 Your Spells              Type           Power        Failure   Level  Hunger
a - Freeze                Ice            ##..         6%          1    #......
b - Throw Frost           Conj/Ice       #.....       13%         2    ###....


Dungeon Overview and Level Annotations

Branches:
Dungeon (1/15)

Altars:


Innate Abilities, Weirdness & Mutations

You have sharp fingernails.


Message History

Aiming: Freeze (safe; 6% risk of failure)
Press: ? - help, Shift-Dir - straight line, f - jackal, p - dart slug
Aim: a jackal You freeze the jackal.
The jackal is moderately wounded.
The jackal barely misses you.
As you read the scroll labeled ZOVETHR UBROOR, it crumbles to dust.
It is a scroll of enchant weapon.
Your mace glows red for a moment.
The jackal barely misses you. The goblin closely misses you.
The jackal bites you.
As you read the scroll labeled KUAKLO CESE IPPAI, it crumbles to dust.
The creatures around you are filled with an inner flame!
It was a scroll of immolation.
The jackal bites you.
* * * LOW HITPOINT WARNING * * *
The goblin barely misses you. The jackal barely misses you.
The jackal bites you.
* * * LOW HITPOINT WARNING * * *
The goblin hits you with a dagger.
You die...

######## ###
###......##### #..
#### #....$.......#
#.# ...#
#.........g@.# #
#########.# ...#
#....#.w..h..#
#.#.........#
...###....#########
#...#########
.....w[........
........)>..#....
##...#......###
#####.....#.#.###
#...#....#.#
...#.#.# #.#
#..w#....#.#
......[.. #.#
#...#....#+#
#.....#.#.###.#
#...###....
#........ # #.#


You could see a dart slug (inner flame), a jackal (inner flame) and a goblin
(inner flame).

Vanquished Creatures
  2 leopard geckos (D:1)
  3 goblins (D:1)
  3 hobgoblins (D:1)
  2 jackals (D:1)
  A bat (D:1)
  A frilled lizard (D:1)
  2 kobolds (D:1)
  3 rats (D:1)
17 creatures vanquished.

Notes
Turn   | Place    | Note
-------+----------+-------------------------------------------
     0 | D:1      | mortelune the Demonspawn Ice Elementalist began the quest for the Orb.
     0 | D:1      | Reached XP level 1. HP: 13/13 MP: 3/3
   715 | D:1      | Gained mutation: You have sharp fingernails. [demonic ancestry]
   715 | D:1      | Reached XP level 2. HP: 19/19 MP: 1/5
  1037 | D:1      | Learned a level 2 spell: Throw Frost
  1148 | D:1      | Reached skill level 3 in Ice Magic
  1179 | D:1      | Slain by a goblin

Vault maps used:
D:1:      dpeg_arrival_leaves_temple_mockup

Skill      XL: |  1  2 |
---------------+-------+-----
Dodging        | 2 |  2.2
Ice Magic      | 3 |  3.0
Stealth        | |  1.7
Spellcasting   | |  2.3
Conjurations   | |  1.0

Action                   || total
-------------------------++-------
Melee: Short sword       ||    11
 Cast: Freeze            ||    26
  Use: Scroll            ||     2
  Eat: Chunk             ||     1
Armor: Robe              ||    10
Dodge: Dodged            ||    38

Table legend:
 A = Spawn XP
 B = Non-spawn XP
 C = Spawn XP percentage of total XP
 D = Spawn monster count
 E = Non-spawn monster count
 F = Spawn count percentage of total count
 G = Total turns spent on level
                    A         B        C        D         E        F      G
               +---------+---------+-------+---------+---------+-------+---------
         Total |       0 |      28 |   0.0 |       0 |      17 |   0.0 |  1179
               +---------+---------+-------+---------+---------+-------+---------
           D:1 |       0 |      28 |   0.0 |       0 |      17 |   0.0 |  1179
               +---------+---------+-------+---------+---------+-------+---------
